 Dungeon Crawl Stone Soup version 0.24-a0-170-gd8427f5388 (console) character file.

Game seed: 10120545574249484681

8366 arnold the Spear-Bearer (level 11, -1/80 HPs)
             Began as a Gnoll Chaos Knight on Mar 9, 2019.
             Was a Plaything of Xom.
             Slain by a porcupine (7 damage)
             ... on level 1 of the Lair of Beasts.
             The game lasted 04:23:40 (13750 turns).

arnold the Spear-Bearer (Gnoll Chaos Knight)       Turns: 13750, Time: 04:23:46

Health: -1/80      AC: 19    Str: 17 (18) XL:     11   Next: 29%
Magic:  20/20      EV:  8    Int: 14      God:    Xom [*.....]
Gold:   76         SH:  0    Dex: 15      Spells: 22/22 levels left

rFire    + . .     SeeInvis .   b - +6 spear (chaos)
rCold    + . .     Gourm    +   (no shield)
rNeg     + . .     Faith    .   t - +0 plate armour
rPois    .         Spirit   .   (helmet restricted)
rElec    .         Reflect  .   f - scarf {rC+ rF+}
rCorr    .         Harm     .   u - +1 pair of gloves
MR       .....     Clarity  +   s - +2 pair of boots
Stlth    ..........             l - amulet of the gourmand
HPRegen  0.23/turn              r - ring of stealth
MPRegen  0.17/turn              x - ring of positive energy

@: lethally poisoned (-1 -> -7)
A: distributed training, fangs 1, horns 1, clarity, deterioration 1, frail 1,
strong nose
a: Renounce Religion


You were on level 1 of the Lair of Beasts.
You worshipped Xom.
You were a special plaything of Xom.
You were not hungry.

You visited 2 branches of the dungeon, and saw 12 of its levels.
You also visited: Sewer.

You collected 675 gold pieces.
You spent 599 gold pieces at shops.

Inventory:

Hand Weapons
 b - a +6 spear of chaos (weapon)
Armour
 f - a scarf of resistance (worn)
 s - a +2 pair of boots (worn)
 t - a +0 plate armour (worn)
 u - a +1 pair of gloves (worn)
Jewellery
 l - an amulet of the gourmand (around neck)
 r - a ring of stealth (left hand)
 x - a ring of positive energy (right hand)
Wands
 m - a wand of random effects (40)
 v - a wand of polymorph (8)
 A - a wand of iceblast (11)
Scrolls
 e - 2 scrolls of magic mapping
 j - 8 scrolls of remove curse
 q - 3 scrolls of teleportation
 y - 2 scrolls of fear
Potions
 a - a potion of heal wounds
 d - 2 potions of magic
 g - 3 potions of ambrosia
 h - 3 potions of haste
 k - 7 potions of curing
 o - a potion of cancellation
 p - a potion of might
 w - 2 potions of brilliance
 z - a potion of agility {unknown}
 B - a potion of lignification {unknown}
Miscellaneous
 i - a box of beasts
 n - a lamp of fire
Comestibles
 c - 20 rations


   Skills:
 + Level 9.0 Fighting
 + Level 6.0 Short Blades
 + Level 6.0 Long Blades
 + Level 6.0 Axes
 + Level 6.0 Maces & Flails
 + Level 9.0 Polearms
 + Level 6.0 Staves
 + Level 6.0 Slings
 + Level 6.0 Bows
 + Level 6.0 Crossbows
 + Level 6.0 Throwing
 + Level 7.7 Armour
 + Level 6.6 Dodging
 + Level 6.0 Stealth
 + Level 6.0 Shields
 + Level 6.0 Unarmed Combat
 + Level 6.0 Spellcasting
 + Level 5.0 Conjurations
 + Level 5.0 Hexes
 + Level 5.0 Charms
 + Level 5.0 Summonings
 + Level 5.0 Necromancy
 + Level 5.0 Translocations
 + Level 5.0 Transmutations
 + Level 5.0 Fire Magic
 + Level 5.0 Ice Magic
 + Level 5.0 Air Magic
 + Level 5.0 Earth Magic
 + Level 5.0 Poison Magic
 + Level 6.6 Invocations
 + Level 6.0 Evocations


You had 22 spell levels left.
You didn't know any spells.
Your spell library contained the following spells:

 Spells                   Type           Power        Failure   Level  Hunger
 Confusing Touch          Hex            ###...       54%         1    None
 Corona                   Hex            ###....      54%         1    None
 Magic Dart               Conj           ###.         54%         1    None
 Blink                    Tloc           N/A          69%         2    #......
 Call Imp                 Summ           ###.....     69%         2    #......
 Ensorcelled Hibernation  Hex/Ice        ###...       69%         2    #......
 Slow                     Hex            ###.....     69%         2    #......
 Confuse                  Hex            ###.....     89%         3    ###....
 Conjure Flame            Conj/Fire      ###.....     89%         3    ###....
 Dazzling Spray           Conj/Hex       ###...       89%         3    ###....
 Gell's Gravitas          Tloc           ###.......   89%         3    ###....
 Mephitic Cloud           Conj/Pois/Air  ###.....     89%         3    ###....
 Tukima's Dance           Hex            ###.....     89%         3    ###....
 Petrify                  Tmut/Erth      ###.....     100%        4    ####...
 Metabolic Englaciation   Hex/Ice        ###.......   100%        5    ######.
 Yara's Violent Unravell  Hex/Tmut       ###.......   100%        5    ######.


Dungeon Overview and Level Annotations

Branches:
Dungeon (11/15)            Temple (0/1) D:7            Lair (1/6) D:10
    Orc (0/2) D:9

Altars:
Cheibriados
Elyvilon
Gozag
Hepliaklqana
Nemelex Xobeh
Okawaru
Qazlal
Ru
Trog
Beogh

Shops:
D:9 !   D:11 ?

Annotations:
D:4 3 runed translucent doors, nawrastar's ghost, amateur OpTm


Innate Abilities, Weirdness & Mutations

Your experience applies equally to all skills.
You have very sharp teeth.
Your uncanny sense of smell can sniff out nearby items.
You have a pair of small horns on your head.
You possess an exceptional clarity of mind.
Your body sometimes deteriorates upon taking damage.
You are frail. (-10% HP)


Message History

The porcupine is moderately wounded.
You feel sick.
The porcupine bites you but does no damage.
You are struck by the porcupine's spines.
* * * LOW HITPOINT WARNING * * *
You completely miss the porcupine. Your bite misses the porcupine.
The porcupine is moderately wounded.
You are struck by the porcupine's spines.
* * * LOW HITPOINT WARNING * * *
You closely miss the porcupine.
The porcupine is moderately wounded.
You feel sick.
The porcupine bites you but does no damage.
You are struck by the porcupine's spines.
* * * LOW HITPOINT WARNING * * *
You miss the porcupine.
The porcupine is moderately wounded.
* * * LOW HITPOINT WARNING * * *
You feel sick. The porcupine bites you!
You die...

##....PP....
##.....P.../
##..........#
#...........#
............+
?...........# .
............#...
.......<........
........@r......
................
................
#..............#
##.....#......##
#....###....##
#.... ##...
##... ..##


You could see a porcupine.

Vanquished Creatures
  A tengu warrior (D:11)
  2 gargoyles (D:11)
  A spiny frog (Lair:1)
  2 trolls
  Prince Ribbit (D:8)
  A hornet (D:6)
  3 hippogriffs
  A hog (D:11)
  3 yaks
  2 hungry ghosts
  2 water moccasins
  3 ice beasts (D:9)
  3 orc warriors
  2 sky beasts
  2 necrophages
  2 black bears (D:10)
  An eye of draining (D:8)
  4 phantoms
  5 ogres
  A crocodile (D:11)
  Blork the orc (D:4)
  6 big kobolds
  5 bullfrogs
  3 scorpions
  4 wights (D:9)
  3 howler monkeys
  A crimson imp (D:10)
  A bullfrog zombie (D:8)
  5 hounds
  3 orc priests
  A centaur skeleton (D:11)
  4 jellies
  6 orc wizards
  2 bullfrog skeletons
  4 worker ants
  2 iguanas (D:8)
  Robin (D:3)
  A howler monkey skeleton (D:5)
  9 adders
  2 river rats
  2 shadow imps
  7 oozes
  An adder zombie (D:9)
  An adder skeleton (D:4)
  8 worms
  6 dart slugs
  4 leopard geckos
  24 orcs
  4 ball pythons
  5 bats
  4 giant cockroaches
  9 hobgoblins
  12 jackals
  17 kobolds
  7 quokkas
  5 frilled lizards
  14 goblins
  A leopard gecko skeleton (D:6)
  A leopard gecko zombie (D:2)
  A quokka skeleton (D:6)
  8 rats
247 creatures vanquished.

Vanquished Creatures (collateral kills)
  3 yaks (D:9)
  A crimson imp (D:6)
  A kobold (Sewer)
5 creatures vanquished.

Grand Total: 252 creatures vanquished

Notes
Turn   | Place    | Note
-------+----------+-------------------------------------------
     0 | D:1      | arnold the Gnoll Chaos Knight began the quest for the Orb.
     0 | D:1      | Reached XP level 1. HP: 23/23 MP: 1/1
   129 | D:1      | XOM: harmless Pois miscast
   171 | D:1      | XOM: silly message
   180 | D:1      | Reached XP level 2. HP: 26/29 MP: 2/2
   261 | D:1      | XOM is BORED!
   261 | D:1      | XOM: medium Ice miscast
   320 | D:1      | XOM: mild Tmut miscast
   783 | D:1      | XOM is BORED!
   783 | D:1      | XOM: give mutation
   783 | D:1      | Gained mutation: Your spells are a little easier to cast,
                  | but a little less powerful. [Xom's mischief]
  1204 | D:2      | Reached XP level 3. HP: 32/35 MP: 3/3
  1253 | D:2      | XOM: harmless Ice miscast
  1350 | D:2      | Reached skill level 1 in Invocations
  1712 | D:3      | Reached skill level 1 in Short Blades
  1712 | D:3      | Reached skill level 1 in Long Blades
  1712 | D:3      | Reached skill level 1 in Axes
  1712 | D:3      | Reached skill level 1 in Maces & Flails
  1712 | D:3      | Reached skill level 1 in Staves
  1712 | D:3      | Reached skill level 1 in Slings
  1712 | D:3      | Reached skill level 1 in Bows
  1712 | D:3      | Reached skill level 1 in Crossbows
  1712 | D:3      | Reached skill level 1 in Throwing
  1712 | D:3      | Reached skill level 1 in Stealth
  1712 | D:3      | Reached skill level 1 in Shields
  1712 | D:3      | Reached skill level 1 in Unarmed Combat
  1712 | D:3      | Reached skill level 1 in Spellcasting
  1712 | D:3      | Reached skill level 1 in Evocations
  1879 | D:3      | XOM: smoke on damage
  1880 | D:3      | Reached XP level 4. HP: 28/41 MP: 5/5
  2088 | D:3      | Reached skill level 1 in Conjurations
  2088 | D:3      | Reached skill level 1 in Hexes
  2088 | D:3      | Reached skill level 1 in Charms
  2088 | D:3      | Reached skill level 1 in Summonings
  2088 | D:3      | Reached skill level 1 in Necromancy
  2088 | D:3      | Reached skill level 1 in Translocations
  2088 | D:3      | Reached skill level 1 in Transmutations
  2088 | D:3      | Reached skill level 1 in Fire Magic
  2088 | D:3      | Reached skill level 1 in Ice Magic
  2088 | D:3      | Reached skill level 1 in Air Magic
  2088 | D:3      | Reached skill level 1 in Earth Magic
  2088 | D:3      | Reached skill level 1 in Poison Magic
  2114 | D:3      | XOM: give mutations
  2114 | D:3      | Gained mutation: You are agile. (Dex +2) [Xom's mischief]
  2114 | D:3      | Gained mutation: You occasionally shout uncontrollably at
                  | your foes. [Xom's mischief]
  2114 | D:3      | Lost mutation: Your spells are a little easier to cast, but
                  | a little less powerful. [Xom's mischief]
  2114 | D:3      | Noticed Robin
  2138 | D:3      | XOM: draining
  2146 | D:3      | Killed Robin
  2146 | D:3      | Reached XP level 5. HP: 42/47 MP: 6/6
  2279 | D:3      | XOM: draining
  2492 | D:3      | XOM: summons 2 hostile demons
  2493 | D:3      | Noticed an orange demon
  2714 | D:4      | Reached XP level 6. HP: 53/53 MP: 8/8
  2831 | D:4      | XOM: 3-stop teleportation journey
  2835 | D:4      | Noticed Blork the orc
  2842 | D:4      | XOM: potion effect (brilliance)
  2846 | D:4      | Killed Blork the orc
  2846 | D:4      | Reached skill level 5 in Armour
  2978 | D:4      | Found a glowing drain.
  2984 | D:4      | Reached XP level 7. HP: 56/59 MP: 10/10
  2985 | D:4      | XOM: cloud trail
  3004 | Sewer    | Entered a sewer
  3057 | Sewer    | XOM: summons friendly quasit
  3280 | Sewer    | XOM: divination: magic mapping
  3425 | Sewer    | XOM: confuse monster(s)
  3463 | Sewer    | XOM: divination: detect items
  3710 | Sewer    | XOM: silly message
  3832 | Sewer    | XOM: divination: detect creatures
  3984 | Sewer    | XOM: confuse monster(s)
  4123 | Sewer    | Reached XP level 8. HP: 44/67 MP: 12/12
  4184 | Sewer    | XOM: mild Air miscast
  4275 | Sewer    | XOM: noise
  4622 | D:4      | Noticed nawrastar's ghost (amateur OpTm)
  4623 | D:4      | Found a runed translucent gate.
  4624 | D:4      | Found a runed translucent gate.
  4629 | D:4      | Identified the +3 chain mail of Imeixzapp {rPois Str+2}
  4630 | D:4      | Found a runed translucent gate.
  4632 | D:4      | Found a roughly hewn altar of Beogh.
  4721 | D:5      | Entered Level 5 of the Dungeon
  4723 | D:5      | XOM: silly message
  4761 | D:5      | XOM: blink monster(s)
  5207 | D:5      | Found a snail-covered altar of Cheibriados.
  5582 | D:5      | Reached XP level 9. HP: 72/72 MP: 14/14
  5598 | D:5      | XOM: medium Summ miscast
  5715 | D:5      | XOM: noise
  6005 | D:5      | XOM: harmless Hex miscast
  6180 | D:6      | XOM: summons 5 friendly demons
  6340 | D:6      | Noticed a hornet
  6341 | D:6      | XOM: confusion (+ monsters)
  6343 | D:6      | XOM: enchant monster (bad)
  6353 | D:6      | Paralysed by something for 1 turns
  6361 | D:6      | Killed a hornet
  6473 | D:6      | XOM: 2-stop teleportation journey
  6474 | D:6      | XOM: harmless Conj miscast
  6499 | D:6      | XOM: 1-stop teleportation journey
  6640 | D:6      | XOM is BORED!
  6640 | D:6      | XOM: 1-stop teleportation journey
  6760 | D:6      | XOM: summons 4 hostile demons
  6765 | D:6      | XOM: polymorph ufetubus -> quasit
  7080 | D:6      | XOM: cast spell 'Summon Dragon'
  7099 | D:6      | Found a hazy altar of Hepliaklqana.
  7197 | D:6      | XOM: 2-stop teleportation journey
  7379 | D:6      | XOM: divination: detect creatures
  7818 | D:7      | Found a staircase to the Ecumenical Temple.
  7849 | D:7      | XOM: potion effect (invisibility)
  7893 | D:7      | Found a sacrificial altar of Ru.
  7896 | D:7      | Found a bloodstained altar of Trog.
  7896 | D:7      | Found a stormy altar of Qazlal.
  7942 | D:7      | XOM: potion effect (might)
  7943 | D:7      | Reached skill level 5 in Dodging
  8227 | D:7      | XOM: harmless Chrm miscast
  8290 | D:8      | XOM: potion effect (brilliance)
  8309 | D:8      | Found an iron altar of Okawaru.
  8318 | D:8      | Noticed Prince Ribbit
  8339 | D:8      | Killed Prince Ribbit
  8339 | D:8      | XOM: divination: detect creatures
  8345 | D:8      | Reached skill level 5 in Invocations
  8601 | D:8      | XOM: potion effect (brilliance)
  8607 | D:8      | Reached XP level 10. HP: 80/80 MP: 1/17
  8758 | D:8      | XOM: harmless Hex miscast
  8778 | D:8      | XOM: harmless Tloc miscast
  8974 | D:8      | XOM: silly message
  9063 | D:8      | XOM: cloud trail
  9264 | D:9      | Found a staircase to the Orcish Mines.
  9280 | D:9      | Found a white marble altar of Elyvilon.
  9366 | D:9      | XOM: cast spell 'Summon Small Mammal'
  9699 | D:9      | Reached skill level 5 in Short Blades
  9699 | D:9      | Reached skill level 5 in Long Blades
  9699 | D:9      | Reached skill level 5 in Axes
  9699 | D:9      | Reached skill level 5 in Maces & Flails
  9699 | D:9      | Reached skill level 5 in Staves
  9699 | D:9      | Reached skill level 5 in Slings
  9699 | D:9      | Reached skill level 5 in Bows
  9699 | D:9      | Reached skill level 5 in Crossbows
  9699 | D:9      | Reached skill level 5 in Throwing
  9699 | D:9      | Reached skill level 5 in Stealth
  9699 | D:9      | Reached skill level 5 in Shields
  9699 | D:9      | Reached skill level 5 in Unarmed Combat
  9699 | D:9      | Reached skill level 5 in Spellcasting
  9699 | D:9      | Reached skill level 5 in Evocations
  9919 | D:9      | XOM: silly message
  9929 | D:9      | XOM: harmless Chrm miscast
  9966 | D:9      | Found Vietoij's Distillery.
  9969 | D:9      | Bought a potion of heal wounds for 75 gold pieces
  9969 | D:9      | Bought a potion of heal wounds for 75 gold pieces
  9969 | D:9      | Bought a potion of mutation for 120 gold pieces
  9969 | D:9      | Lost mutation: You occasionally shout uncontrollably at
                  | your foes. [potion of mutation]
  9969 | D:9      | Lost mutation: You are agile. (Dex +2) [potion of mutation]
  9969 | D:9      | Gained mutation: You are occasionally teleported next to
                  | monsters. [potion of mutation]
  9969 | D:9      | Gained mutation: You are partially covered in slimy green
                  | scales. (AC +2) [potion of mutation]
  9969 | D:9      | Gained mutation: You are partially covered in large bone
                  | plates. (SH +4) [potion of mutation]
  9970 | D:9      | Lost mutation: You are occasionally teleported next to
                  | monsters. [potion of mutation]
  9970 | D:9      | Gained mutation: You are robust. (+10% HP) [potion of
                  | mutation]
  9970 | D:9      | Gained mutation: You are somewhat resistant to further
                  | mutation. [potion of mutation]
  9971 | D:9      | Lost mutation: You are partially covered in slimy green
                  | scales. (AC +2) [potion of mutation]
  9971 | D:9      | Lost mutation: You are robust. (+10% HP) [potion of
                  | mutation]
  9971 | D:9      | Lost mutation: You are somewhat resistant to further
                  | mutation. [potion of mutation]
  9971 | D:9      | Lost mutation: You are partially covered in large bone
                  | plates. (SH +4) [potion of mutation]
  9971 | D:9      | Gained mutation: You are frail. (-10% HP) [potion of
                  | mutation]
  9971 | D:9      | Gained mutation: You possess an exceptional clarity of
                  | mind. [potion of mutation]
  9971 | D:9      | Gained mutation: Your body sometimes deteriorates upon
                  | taking damage. [potion of mutation]
  9971 | D:9      | Gained mutation: You have a pair of small horns on your
                  | head. [potion of mutation]
 10080 | D:9      | XOM: divination: detect creatures
 10089 | D:9      | Xom revived you
 10317 | D:9      | XOM: harmless Ice miscast
 10331 | D:9      | XOM: mild Ice miscast
 10344 | D:9      | XOM: cloud trail
 10510 | D:9      | XOM: 2-stop teleportation journey
 10552 | D:9      | XOM: mild Hex miscast
 10557 | D:9      | XOM: mild Hex miscast
 10632 | D:9      | XOM: swap monsters
 10860 | D:9      | Found a sparkling altar of Nemelex Xobeh.
 10862 | D:9      | Found an opulent altar of Gozag.
 11118 | D:9      | XOM: summons friendly chaos spawn
 11207 | D:10     | Entered Level 10 of the Dungeon
 11364 | D:10     | XOM: mild Tmut miscast
 11401 | D:10     | XOM: mild Hex miscast
 11534 | D:10     | XOM: 1-stop teleportation journey
 11999 | D:10     | Found a staircase to the Lair.
 12002 | D:10     | XOM: swap monsters
 12136 | D:10     | XOM: noise
 12318 | D:11     | Found Moutsose's Magic Scroll Emporium.
 12326 | D:11     | Bought 3 scrolls of enchant weapon for 247 gold pieces
 12329 | D:11     | Bought a scroll of enchant armour for 82 gold pieces
 12402 | D:11     | XOM: enchant monster (bad)
 12409 | D:11     | XOM: enchant monster (bad)
 12419 | D:11     | Reached XP level 11. HP: 63/78 MP: 19/19
 12537 | D:11     | XOM: blink monster(s)
 12718 | D:11     | XOM: medium Pois miscast
 12814 | D:11     | Noticed a tengu warrior
 12815 | D:11     | XOM: summons friendly white imp
 12826 | D:11     | Killed a tengu warrior
 12987 | D:11     | XOM: noise
 12991 | D:11     | XOM: chaos upgrade
 13011 | D:11     | XOM: harmless Tmut miscast
 13046 | D:11     | Reached skill level 5 in Conjurations
 13046 | D:11     | Reached skill level 5 in Hexes
 13046 | D:11     | Reached skill level 5 in Charms
 13046 | D:11     | Reached skill level 5 in Summonings
 13046 | D:11     | Reached skill level 5 in Necromancy
 13046 | D:11     | Reached skill level 5 in Translocations
 13046 | D:11     | Reached skill level 5 in Transmutations
 13046 | D:11     | Reached skill level 5 in Fire Magic
 13046 | D:11     | Reached skill level 5 in Ice Magic
 13046 | D:11     | Reached skill level 5 in Air Magic
 13046 | D:11     | Reached skill level 5 in Earth Magic
 13046 | D:11     | Reached skill level 5 in Poison Magic
 13097 | D:11     | XOM: harmless Ice miscast
 13735 | Lair:1   | Entered Level 1 of the Lair of Beasts
 13750 | Lair:1   | Slain by a porcupine

Levels and vault maps discovered:
D:1:      dpeg_arrival_short_road, layout_basic, minmay_cupped
D:2:      layout_rooms, serial_glass, glass_columns_b, glass_columns_b,
          glass_columns_a, glass_columns_a, glass_columns_a, glass_columns_a,
          glass_columns_a, glass_columns_a, glass_columns_a, glass_columns_a,
          feat_on_display, minmay_strange_pillars, feat_on_display
D:3:      layout_basic, minmay_misc_feat_diagonals, uniq_robin
D:4:      minmay_diamond_boxcup, layout_cave_pools, portal_sewer_entry_a,
          first_ration, biasface_ghost_orc_armoury, cheibrodos_gnoll_hut,
          uniq_blork_the_orc
D:5:      cheibrodos_iron_armory, layout_loops_corners, kennysheep_slug_shrine
D:6:      layout_layer_cave, nicolae_overflow_hidden_temple,
          kennysheep_generic_room_14
D:7:      layout_rooms, chequers_temple_overflow_statue_of_worship,
          minmay_temple_entry_stoned_glass, grunt_ogre_cave
D:8:      layout_loops_cross, okawaru_gym_becter, uniq_prince_ribbit1
D:9:      layout_stronghold, grunt_temple_overflow_opulence,
          lemuel_doored_altar, orc_0_dummy, serial_shops, kennysheep_mini
D:10:     layout_cross, grunt_lair_entry_orc_guard_hut
D:11:     layout_irregular_city, serial_shops, shop
Lair:1:   layout_gridlike, serial_forest, infiniplex_forest_lined_1,
          infiniplex_forest_lined_1, infiniplex_forest_lined_3_way,
          infiniplex_forest_clump_long, infiniplex_forest_clump_tiny,
          infiniplex_forest_clump_large, grunt_megastairs_4,
          serial_bayou_shore_b, minmay_lair_oklob_chamber
Sewer:    sewer_co_tree

Skill      XL: |  1  2  3  4  5  6  7  8  9 10 11 |
---------------+----------------------------------+-----
Invocations    | 1 2 3 4 5 6 |  6.6
Short Blades   | 1 2 3 4 5 6 |  6.0
Long Blades    | 1 2 3 4 5 6 |  6.0
Axes           | 1 2 3 4 5 6 |  6.0
Maces & Flails | 1 2 3 4 5 6 |  6.0
Staves         | 1 2 3 4 5 6 |  6.0
Slings         | 1 2 3 4 5 6 |  6.0
Bows           | 1 2 3 4 5 6 |  6.0
Crossbows      | 1 2 3 4 5 6 |  6.0
Throwing       | 1 2 3 4 5 6 |  6.0
Stealth        | 1 2 3 4 5 6 |  6.0
Shields        | 1 2 3 4 5 6 |  6.0
Unarmed Combat | 1 2 3 4 5 6 |  6.0
Spellcasting   | 1 2 3 4 5 6 |  6.0
Evocations     | 1 2 3 4 5 6 |  6.0
Conjurations   | 1 2 3 4 5 |  5.0
Hexes          | 1 2 3 4 5 |  5.0
Charms         | 1 2 3 4 5 |  5.0
Summonings     | 1 2 3 4 5 |  5.0
Necromancy     | 1 2 3 4 5 |  5.0
Translocations | 1 2 3 4 5 |  5.0
Transmutations | 1 2 3 4 5 |  5.0
Fire Magic     | 1 2 3 4 5 |  5.0
Ice Magic      | 1 2 3 4 5 |  5.0
Air Magic      | 1 2 3 4 5 |  5.0
Earth Magic    | 1 2 3 4 5 |  5.0
Poison Magic   | 1 2 3 4 5 |  5.0
Dodging        | 3 4 5 6 |  6.6
Armour         | 5 6 7 |  7.7
Fighting       | 7 8 9 |  9.0
Polearms       | 7 8 9 |  9.0

Action                   |  1- 3 |  4- 6 |  7- 9 | 10-12 || total
-------------------------+-------+-------+-------+-------++-------
Melee: Spear             |   134 |   176 |   571 |   387 ||  1268
       Bite              |    10 |    17 |    89 |    47 ||   163
       Punch             |       |       |     4 |     3 ||     7
       Headbutt          |       |       |       |    57 ||    57
       Glaive            |       |       |       |     6 ||     6
Evoke: Wand              |       |       |     1 |       ||     1
  Use: Scroll            |     1 |     7 |    10 |    12 ||    30
       Potion            |       |       |     4 |     8 ||    12
 Stab: Petrifying        |     2 |       |     2 |     2 ||     6
       Petrified         |     1 |       |     1 |       ||     2
       Confused          |       |     2 |     4 |     5 ||    11
       Paralysed         |       |       |    11 |     4 ||    15
       Invisible         |       |       |     2 |       ||     2
       Sleeping          |       |       |       |     1 ||     1
  Eat: Chunk             |    11 |     4 |    19 |    18 ||    52
       Ration            |       |       |     1 |     1 ||     2
Armor: Leather armour    |     9 |       |       |       ||     9
       Chain mail        |    37 |    63 |    89 |       ||   189
       Plate armour      |       |       |   134 |   160 ||   294
Dodge: Dodged            |    45 |    54 |   150 |    91 ||   340

Table legend:
 A = Non-vault XP
 B = Vault XP
 C = Vault XP percentage of total XP
 D = Non-vault monster count
 E = Vault monster count
 F = Vault count percentage of total count
                 A         B        C        D         E       F
            +---------+---------+-------+---------+---------+-------
      Total |    9819 |    2133 |  17.8 |     190 |      62 |  24.6
            +---------+---------+-------+---------+---------+-------
        D:1 |      31 |       0 |   0.0 |      14 |       0 |   0.0
        D:2 |      42 |       0 |   0.0 |      17 |       0 |   0.0
        D:3 |     172 |      36 |  17.3 |      23 |      11 |  32.4
        D:4 |     162 |     325 |  66.7 |       9 |      15 |  62.5
        D:5 |     942 |       4 |   0.4 |      20 |       1 |   4.8
        D:6 |     495 |       0 |   0.0 |      13 |       0 |   0.0
        D:7 |     534 |     118 |  18.1 |      11 |       1 |   8.3
        D:8 |    1072 |     277 |  20.5 |      16 |       1 |   5.9
        D:9 |    2300 |       0 |   0.0 |      31 |       0 |   0.0
       D:10 |     810 |     640 |  44.1 |      15 |       5 |  25.0
       D:11 |    2877 |       0 |   0.0 |      20 |       0 |   0.0
     Lair:1 |     382 |       0 |   0.0 |       1 |       0 |   0.0
      Sewer |       0 |     733 | 100.0 |       0 |      28 | 100.0
            +---------+---------+-------+---------+---------+-------
